 Dungeon Crawl Stone Soup version 0.18-a0-1773-gec4f98e (webtiles) character file.

134792 Moloch the Devastator (level 16, -3/88 HPs)
             Began as a Deep Elf Fire Elementalist on Apr 14, 2016.
             Was the Champion of Vehumet.
             Killed from afar by a deep elf knight (23 damage)
             ... with a shard of ice
             ... on level 1 of the Elven Halls.
             The game lasted 02:03:48 (27911 turns).

Moloch the Devastator (Deep Elf Fire Elementalist) Turns: 27911, Time: 02:03:49

Health: -3/88      AC: 12    Str:  5    XL:     16   Next: 63%
Magic:  32/56      EV: 11    Int: 33    God:    Vehumet [******]
Gold:   1429       SH:  7    Dex: 13    Spells: 7 memorised, 3 levels left

rFire  + . .     SeeInvis +     q - staff of power
rCold  + . .     Gourm    .     j - +3 leather armour of the Prince {rC++ Int-2 SInv}
rNeg   . . .     Faith    .     x - +0 buckler
rPois  .         Spirit   .     H - +3 hat of Pondering {ponderous, MR+ MP+10 Int+5}
rElec  .         Dismiss  .     C - +0 cloak
rCorr  .         Reflect  .     r - +0 pair of gloves
SustAt .         Harm     .     f - +0 pair of boots
MR     +++..                    D - amulet of magic regeneration
Stlth  ++........               V - ring of wizardry
                                Y - ring of fire

@: slow, extremely resistant to hostile enchantments, unstealthy
A: talons 1, large bone plates 1, see invisible, clever 1, clumsy 1, deformed
body, low mp 2, magic resistance 1
a: Renounce Religion


You were on level 1 of the Elven Halls.
You worshipped Vehumet.
Vehumet was exalted by your worship.
You were not hungry.

You visited 5 branches of the dungeon, and saw 27 of its levels.
You also visited: Labyrinth, Ossuary, Bailey and Ice Cave.

You collected 2945 gold pieces.
You spent 1516 gold pieces at shops.

Inventory:

Armour
 f - a +0 pair of boots (worn)
 j - the +3 leather armour of the Prince (worn) {rC++ Int-2 SInv}
   (You found it on level 8 of the Lair of Beasts)

   It affects your intelligence (-2).
   It greatly protects you from cold.
   It lets you see invisible.
 r - a +0 pair of gloves (worn)
 x - a +0 buckler (worn)
 y - a +2 robe of fire resistance
 C - a +0 cloak (worn)
 H - the +3 hat of Pondering (worn) {ponderous, MR+ MP+10 Int+5}
   (You found it in a bailey)

   It affects your intelligence (+5).
   It affects your resistance to hostile enchantments.
   It affects your magic capacity (+10).
Magical Staves
 q - an uncursed staff of power (weapon)
 N - an uncursed staff of wizardry
Rods
 X - a +4 rod of clouds (11/11)
   (You found it in a labyrinth)
Jewellery
 o - an uncursed ring of protection from magic
 D - an amulet of magic regeneration (around neck)
 E - an uncursed amulet of harm {unknown}
 K - an uncursed ring of see invisible
 R - an uncursed ring of flight
 U - an uncursed amulet of faith {unknown}
 V - a ring of wizardry (right hand)
 Y - a ring of fire (left hand)
Wands
 J - a wand of teleportation (3/9)
 T - a wand of heal wounds (4/9)
 Z - a wand of digging (15/24)
Scrolls
 b - 2 scrolls of summoning
 d - 3 scrolls of identify
 e - 3 scrolls of teleportation
 g - a scroll of enchant armour
 k - 8 scrolls of remove curse
 u - 6 scrolls of enchant weapon
 z - 2 scrolls of amnesia
 A - a scroll of fear
 B - 2 scrolls of blinking
 L - 2 scrolls of recharging
 P - 3 scrolls of magic mapping
 S - 3 scrolls of fog
Potions
 a - 2 potions of agility
 h - 7 potions of haste
 i - 5 potions of might
 l - 4 potions of ambrosia
 p - 2 potions of heal wounds
 s - 9 potions of curing
 t - 3 potions of flight
 v - 4 potions of resistance
 w - 4 potions of berserk rage
 G - 5 potions of magic
 I - 2 potions of invisibility
 Q - 2 potions of cure mutation
Miscellaneous
 O - an ornate deck of war
Comestibles
 c - 11 bread rations
 m - 9 meat rations
 n - 19 fruits
 F - 10 royal jellies


   Skills:
 - Level 5.5 Fighting
 - Level 2.4 Dodging
 - Level 2.4 Stealth
 - Level 6.0 Shields
 + Level 17.3 Spellcasting
 * Level 18.7 Conjurations
 * Level 18.5 Fire Magic


You had 3 spell levels left.
You knew the following spells:

 Your Spells              Type           Power        Failure   Level  Hunger
a - Dragon's Call         Summ           ####......   100%        9    #######
b - Bolt of Fire          Conj/Fire      ########..   1%          6    None
c - Bolt of Cold          Conj/Ice       #####.....   1%          6    None
d - Fireball              Conj/Fire      ########..   1%          5    None
e - Tornado               Air            ####......   100%        9    #######
f - Shatter               Erth           ####......   100%        9    #######
g - Sublimation of Blood  Necr           ####......   1%          2    None


Dungeon Overview and Level Annotations

Branches:
Dungeon (15/15)            Temple (1/1) D:6            Lair (8/8) D:10
 Shoals (0/4) Lair:6        Snake (0/4) Lair:6        Slime (0/6) Lair:7
    Orc (2/2) D:12            Elf (1/3) Orc:2        Vaults (0/5) D:13
 Depths (0/5) D:15

Altars:
Ashenzari
Cheibriados
Dithmenos
Elyvilon
Fedhas
Gozag
Kikubaaqudgha
Makhleb
Nemelex Xobeh
Okawaru
Pakellas
Qazlal
Ru
Sif Muna
Trog
Vehumet
Xom
Yredelemnul
Zin
The Shining One
Beogh
Jiyva

Shops:
D:13 =   D:14 (   Orc:2 !?:[?

Annotations:
D:9 exclusion: downstairs
D:10 exclusion: downstairs
D:15 1 runed door, exclusion: Roxanne, Roxanne
Orc:2 1 exclusion


Innate Abilities, Weirdness & Mutations

You have sharp toenails.
You are partially covered in large bone plates (AC +2, SH +2).
You have supernaturally acute eyesight.
Your mind is acute. (Int +2)
You are clumsy. (Dex -2)
Armour fits poorly on your strangely shaped body.
Your magical capacity is very low (-20% MP).
You are resistant to hostile enchantments.


Message History

You feel a surge of power!
The bolt of fire hits the deep elf mage.
You kill the deep elf mage!
Vehumet accepts your kill.
You feel your power returning.
Casting: Bolt of Fire
Confirm with . or Enter, or press ? or * to list all spells.
Aiming: Bolt of Fire
Press: ? - help, Shift-Dir - straight line, f - deep elf mage
Aim: a deep elf mage, wielding a rapier You feel a surge of power!
The bolt of fire hits the deep elf mage.
You kill the deep elf mage!
Vehumet accepts your kill.
You feel your power returning.
You hear a shout!
A deep elf knight and a deep elf mage come into view.
The deep elf knight casts a spell at you.
The shard of ice hits you! You partially resist.
You die...

,,,,,,,***,,,**#..)..Y)§e.####...
****,****#.*,* ##.######).......#
*,,,,,..#,* #.# #######.##
*******,,....* #.# #.#
,,,,*,,**e...#* #.# #.#
,,,,*,,,,**...#*#.# #.#
,,,,*,,,,,,*#.e##.# #.##
,,,,*,,*,,,,,#..#.# #..#
,,,,*,,,,,,,,#..@### ##..
,,,,**+***#...#....# ###
,,,,**,,,,#.*,#))..#
,,,,**,,,,#....#)..#
*,,,**,,,,#....#[..# #
**,***,,,.'.....#[.# #
*+**,***##....)#.[# #
*,*******########.# #
**,****,,,,,,,* #.# ### #


You could see a deep elf knight and a deep elf mage (wandering).

Vanquished Creatures
  An Ice Fiend (IceCv)
  Gastronok (Lair:1)
  A deep elf sorcerer (Elf:1)
  6 dire elephants (Lair:8)
  The ghost of Moloch the Bludgeoner, a journeyman OgBe of Trog (D:9)
  4 vault guards (D:13)
  A minotaur (Lab)
  An ettin (D:15)
  Josephine (Lair:6)
  8 hydras
  2 catoblepae
  3 ogre magi (D:15)
  An anaconda (Lair:8)
  5 centaur warriors
  4 dancing weapons
  5 tengu warriors
  6 death yaks (Lair:7)
  4 orc high priests (Orc:2)
  4 deep elf knights (Elf:1)
  A hell knight (D:15)
  A skeletal warrior (D:10)
  Pikel (D:6)
  The ghost of Vojta the Conjurer, a novice HECj of Vehumet (D:8)
  3 deep elf archers (Elf:1)
  9 hill giants
  An unseen horror (D:11)
  2 wizards
  26 deep elf magi
  5 griffons
  The ghost of JohnFord the Grappler, a novice NaTm (D:5)
  A necromancer (D:10)
  7 ugly things
  6 orc knights
  6 orc sorcerers
  2 manticores
  2 ice statues (IceCv)
  13 elephants
  5 cyclopes
  5 black mambas
  Maurice (D:9)
  5 rime drakes
  12 spiny frogs
  2 efreet
  A rime drake (shapeshifter) (D:14)
  A yaktaur (shapeshifter) (D:15)
  2 kobold demonologists
  3 anaconda simulacra (IceCv)
  10 komodo dragons
  A golden dragon simulacrum (IceCv)
  11 ice devils (IceCv)
  2 tengu conjurers
  4 trolls
  A polar bear (Elf:1)
  Prince Ribbit (D:6)
  6 two-headed ogres
  14 slime creatures
  2 boulder beetles (Lair:8)
  12 blink frogs
  2 flying skulls (D:10)
  2 wyverns
  5 shadows
  A dire elephant simulacrum (IceCv)
  A vampire (D:14)
  21 yaks
  6 hippogriffs
  5 wraiths
  A hungry ghost (D:12)
  A hippogriff (shapeshifter) (D:15)
  4 basilisks
  A fire elemental (Orc:2)
  3 iron troll simulacra (IceCv)
  8 vampire mosquitoes
  2 insubstantial wisps (Lair:7)
  A hydra simulacrum (IceCv)
  6 nagas (Lair:6)
  A harpy simulacrum (IceCv)
  A soldier ant (D:11)
  2 mottled dragons
  17 water moccasins
  16 porcupines
  28 orc warriors
  3 ice beasts
  4 slaves (D:6)
  2 black bears
  14 ogres
  5 necrophages
  5 phantoms
  3 sky beasts
  5 wasps
  A boggart (Elf:1)
  2 wolves (Elf:1)
  22 centaurs
  19 crocodiles
  4 big kobolds
  Blork the orc (D:6)
  11 giant frogs
  9 gnoll sergeants
  A water moccasin zombie (D:10)
  3 wyvern skeletons
  3 scorpions
  A water moccasin skeleton (D:8)
  9 killer bees
  18 wights
  7 electric eels
  5 howler monkeys
  6 crimson imps
  4 centaur zombies
  3 jellies
  30 orc priests
  8 centaur skeletons
  4 giant frog zombies
  7 gnoll shamans
  2 human zombies (Ossuary)
  6 hounds
  23 orc wizards
  3 giant frog skeletons
  9 iguanas
  A statue (D:8)
  6 worker ants
  39 sheep
  A big kobold zombie (Ossuary)
  2 hound zombies
  5 mummies (Ossuary)
  4 worker ant zombies
  22 gnolls
  44 river rats
  10 adders
  5 shadow imps
  15 oozes (Lair:5)
  2 adder skeletons
  3 worms (D:4)
  A dart slug (D:1)
  5 giant geckos
  85 orcs
  A ball python (D:3)
  6 giant cockroaches
  A gnoll zombie (Ossuary)
  5 goblins
  10 hobgoblins
  7 jackals
  6 quokkas
  7 bats
  3 giant newts
  2 goblin zombies (Ossuary)
  A hobgoblin zombie (Ossuary)
  14 kobolds
  A quokka skeleton (D:8)
  A quokka zombie (D:10)
  11 rats
  2 bushes
  9 fungi
  21 plants
1003 creatures vanquished.

Vanquished Creatures (others)
  2 orcs
  A bush (D:10)
  20 fungi
  5 plants
28 creatures vanquished.

Grand Total: 1031 creatures vanquished

Notes
Turn   | Place    | Note
--------------------------------------------------------------
     0 | D:1      | Moloch the Deep Elf Fire Elementalist began the quest for the Orb.
     0 | D:1      | Reached XP level 1. HP: 10/10 MP: 6/6
   250 | D:1      | Reached XP level 2. HP: 15/15 MP: 6/8
   949 | D:2      | Reached XP level 3. HP: 19/19 MP: 4/10
  1025 | D:2      | Learned a level 3 spell: Conjure Flame
  1160 | D:2      | Found a shadowy altar of Dithmenos.
  1796 | D:3      | Reached XP level 4. HP: 24/24 MP: 4/12
  1815 | D:3      | Learned a level 4 spell: Sticky Flame
  2656 | D:4      | Noticed an ogre
  2920 | D:4      | Killed an ogre
  2920 | D:4      | Reached skill level 5 in Spellcasting
  2920 | D:4      | Reached XP level 5. HP: 28/28 MP: 2/14
  2953 | D:4      | Learned a level 5 spell: Fireball
  3138 | D:4      | Reached skill level 5 in Fire Magic
  3212 | D:4      | Found a snail-covered altar of Cheibriados.
  3298 | D:4      | Reached XP level 6. HP: 32/32 MP: 8/16
  3397 | D:4      | Noticed a moth of wrath
  3400 | D:4      | Found a bloodstained altar of Trog.
  3483 | D:5      | Entered Level 5 of the Dungeon
  3878 | D:5      | Noticed JohnFord's ghost (novice NaTm)
  3882 | D:5      | Noticed an ice beast
  3890 | D:5      | Killed an ice beast
  4269 | D:5      | Killed JohnFord's ghost
  4269 | D:5      | Reached skill level 5 in Conjurations
  4269 | D:5      | Reached XP level 7. HP: 36/36 MP: 5/19
  4485 | D:5      | Found a sparkling altar of Nemelex Xobeh.
  4589 | D:6      | Found a staircase to the Ecumenical Temple.
  4610 | D:6      | Noticed Prince Ribbit
  4611 | D:6      | Noticed Pikel
  4630 | D:6      | Killed Prince Ribbit
  4630 | D:6      | Reached XP level 8. HP: 41/41 MP: 11/20
  4777 | D:6      | Killed Pikel
  4968 | D:6      | Noticed Blork the orc
  4970 | D:6      | Killed Blork the orc
  5533 | D:6      | Reached XP level 9. HP: 35/45 MP: 9/23
  5665 | Temple   | Entered the Ecumenical Temple
  5919 | D:7      | Found a sand-covered staircase.
  5929 | Ossuary  | Entered an ossuary
  6327 | D:7      | Found an opulent altar of Gozag.
  6744 | D:8      | Noticed a cyclops
  6872 | D:8      | Found a radiant altar of Vehumet.
  6882 | D:8      | Became a worshipper of Vehumet
  7114 | D:8      | Killed a cyclops
  7158 | D:8      | Reached skill level 10 in Conjurations
  7158 | D:8      | Reached XP level 10. HP: 50/50 MP: 11/25
  7430 | D:8      | Reached skill level 10 in Fire Magic
  7440 | D:8      | Noticed Vojta's ghost (novice HECj)
  7447 | D:8      | Killed Vojta's ghost
  7447 | D:8      | Reached skill level 10 in Spellcasting
  7918 | D:9      | Noticed Maurice
  7980 | D:9      | Killed Maurice
  7990 | D:9      | Noticed Moloch's ghost (journeyman OgBe)
  8080 | D:9      | Reached * piety under Vehumet
  8080 | D:9      | Offered knowledge of Sting by Vehumet.
  8182 | D:9      | Killed Moloch's ghost
  8258 | D:9      | Found a deep blue altar of Sif Muna.
  8393 | D:9      | Found an iron altar of Okawaru.
  8460 | D:10     | Entered Level 10 of the Dungeon
  8496 | D:10     | Noticed a hill giant
  8837 | D:10     | Killed a hill giant
  8837 | D:10     | Reached skill level 1 in Shields
  8837 | D:10     | Reached XP level 11. HP: 48/55 MP: 12/28
  8846 | D:10     | Reached skill level 1 in Fighting
  9025 | D:10     | Offered knowledge of Sandblast by Vehumet.
  9045 | D:10     | Reached ** piety under Vehumet
  9052 | D:10     | Found a staircase to the Lair.
  9508 | D:10     | Noticed a necromancer
  9579 | D:10     | Killed a necromancer
  9579 | D:10     | Offered knowledge of Static Discharge by Vehumet.
  9711 | D:10     | Reached *** piety under Vehumet
  9777 | D:10     | Noticed a skeletal warrior
  9812 | D:10     | Killed a skeletal warrior
  9965 | D:10     | Offered knowledge of Ignite Poison by Vehumet.
 10306 | Lair:1   | Entered Level 1 of the Lair of Beasts
 10315 | Lair:1   | Noticed Gastronok
 10440 | D:11     | Noticed a cyan ugly thing
 10900 | D:11     | Noticed an unseen horror
 10903 | D:11     | Killed an unseen horror
 11005 | D:11     | Killed a cyan ugly thing
 11005 | D:11     | Reached **** piety under Vehumet
 11091 | D:11     | Gained mutation: Your body sometimes deteriorates upon taking damage. [mutagenic meat]
 11137 | D:11     | Reached XP level 12. HP: 60/64 MP: 26/30
 11905 | D:12     | Found a flagged portal.
 11913 | Bailey   | Entered a bailey
 11926 | Bailey   | Offered knowledge of Stone Arrow by Vehumet.
 12617 | D:12     | Found a roughly hewn altar of Beogh.
 12618 | D:12     | Reached ***** piety under Vehumet
 12618 | D:12     | Offered knowledge of Lee's Rapid Deconstruction by Vehumet.
 12620 | D:12     | Found a staircase to the Orcish Mines.
 12736 | Orc:1    | Entered Level 1 of the Orcish Mines
 13079 | Orc:2    | Entered Level 2 of the Orcish Mines
 13544 | Orc:2    | Found a bloodstained altar of Trog.
 13654 | Orc:2    | Found a staircase to the Elven Halls.
 13885 | Orc:2    | Noticed an orc high priest
 13888 | Orc:2    | Killed an orc high priest
 14047 | Orc:2    | Reached XP level 13. HP: 70/70 MP: 32/32
 14229 | Orc:2    | Found Guixt's Distillery.
 14689 | Orc:2    | Found Usavawk's Book Shoppe.
 14689 | Orc:2    | Found Veradug's Magic Scroll Shop.
 14691 | Orc:2    | Found Nuacimab's Magic Scroll Shoppe.
 14691 | Orc:2    | Found Imatsir's Antique Armour Shop.
 14697 | Orc:2    | Bought a book of the Tempests for 840 gold pieces
 14707 | Orc:2    | Learned a level 9 spell: Tornado
 14718 | Orc:2    | Bought a scroll of acquirement for 676 gold pieces
 14809 | Orc:2    | Learned a level 9 spell: Shatter
 15061 | Lair:1   | Killed Gastronok
 15168 | Lair:1   | Offered knowledge of Irradiate by Vehumet.
 15843 | Lair:2   | Got a faintly glowing hand axe
 16595 | Lair:3   | Reached skill level 5 in Shields
 16652 | Lair:3   | Reached skill level 5 in Fighting
 17031 | Lair:4   | Offered knowledge of Bolt of Magma by Vehumet.
 17170 | Lair:4   | You fall through a shaft!
 17170 | Lair:5   | Found a labyrinth entrance.
 17177 | Lab      | Entered a labyrinth
 17268 | Lab      | Found an exit through the horrors of the Abyss.
 17371 | Lab      | Noticed a minotaur
 17384 | Lab      | Killed a minotaur
 17426 | Lab      | Got a fine leather armour
 17429 | Lab      | Identified a +4 rod of clouds (11/11) (You found it in a labyrinth)
 17440 | Lab      | Identified the +5 leather armour "Bosuic" {+Blink MR++ Dex-4} (You found it in a labyrinth)
 17623 | Lair:5   | Reached skill level 15 in Fire Magic
 17672 | Lair:5   | Reached skill level 15 in Conjurations
 18069 | Lair:5   | Reached XP level 14. HP: 78/78 MP: 23/34
 18232 | Lair:6   | Found a staircase to the Shoals.
 18305 | Lair:6   | Learned a level 6 spell: Bolt of Fire
 18319 | Lair:6   | Learned a level 9 spell: Dragon's Call
 18335 | Lair:6   | Got a bronze leather armour
 18346 | Lair:6   | Identified the +0 leather armour "Nexzar" {rF+ MR+} (You found it on level 6 of the Lair of Beasts)
 18583 | Lair:6   | Found a staircase to the Snake Pit.
 18628 | Lair:6   | Noticed Josephine
 18632 | Lair:6   | Killed Josephine
 19271 | Lair:7   | Reached ****** piety under Vehumet
 19385 | Lair:7   | Offered knowledge of Bolt of Draining by Vehumet.
 19644 | Lair:7   | Found a staircase to the Slime Pits.
 19644 | Lair:7   | Found a viscous altar of Jiyva.
 20040 | Lair:8   | Entered Level 8 of the Lair of Beasts
 20281 | Lair:8   | Found a sacrificial altar of Ru.
 20397 | Lair:8   | Reached skill level 15 in Spellcasting
 20619 | Lair:8   | Offered knowledge of Delayed Fireball by Vehumet.
 21124 | Lair:8   | Reached XP level 15. HP: 82/82 MP: 36/36
 21389 | Lair:8   | Got a dazzling leather armour
 21400 | Lair:8   | Identified the +3 leather armour of the Prince {rC++ Int-2 SInv} (You found it on level 8 of the Lair of Beasts)
 22480 | Orc:2    | Learned a level 5 spell: Lightning Bolt
 23170 | D:12     | Gained mutation: You have sharp toenails. [potion of mutation]
 23170 | D:12     | Gained mutation: Armour fits poorly on your strangely shaped body. [potion of mutation]
 23171 | D:12     | Gained mutation: You are partially covered in large bone plates (AC +2, SH +2). [potion of mutation]
 23171 | D:12     | Gained mutation: Your magical capacity is low (-10% MP). [potion of mutation]
 23172 | D:12     | Gained mutation: You are surrounded by a mild repulsion field (EV +2). [potion of mutation]
 23172 | D:12     | Lost mutation: You are surrounded by a mild repulsion field (EV +2). [potion of mutation]
 23172 | D:12     | Gained mutation: You have supernaturally acute eyesight. [potion of mutation]
 24037 | D:13     | Found a gate to the Vaults.
 24119 | D:13     | Found a stormy altar of Qazlal.
 24177 | D:13     | Found Wuew's Jewellery Shop.
 24202 | D:13     | Offered knowledge of Spellforged Servitor by Vehumet.
 24480 | D:14     | Found Peaq's Antique Weapon Emporium.
 24716 | D:14     | Identified the Tome of the Dislocated Frostbite (You acquired it on level 14 of the Dungeon)
 24824 | D:14     | Gained mutation: Your magical capacity is very low (-20% MP). [mutagenic meat]
 24826 | D:14     | Gained mutation: Your mind is acute. (Int +2) [mutagenic meat]
 24827 | D:14     | Gained mutation: Your muscles are strong. (Str +2) [mutagenic meat]
 24828 | D:14     | Lost mutation: Your muscles are strong. (Str +2) [mutagenic meat]
 24833 | D:14     | Lost mutation: Your body sometimes deteriorates upon taking damage. [mutagenic meat]
 24835 | D:14     | Gained mutation: You are clumsy. (Dex -2) [mutagenic meat]
 24836 | D:14     | Gained mutation: You are resistant to hostile enchantments. [mutagenic meat]
 25272 | D:15     | Entered Level 15 of the Dungeon
 25377 | D:15     | Found a runed door.
 25581 | D:15     | Got a polished hat
 25592 | D:15     | Identified the cursed -1 hat of Voump {rElec rC- Int+8} (You found it on level 15 of the Dungeon)
 25621 | D:15     | Reached XP level 16. HP: 88/88 MP: 31/31
 25687 | D:15     | HP: 2/88 [centaur warrior/arrow (17)]
 25718 | D:15     | Learned a level 2 spell: Sublimation of Blood
 25795 | D:15     | Noticed Roxanne
 26015 | D:15     | Found a staircase to the Depths.
 26436 | Orc:2    | Offered knowledge of Bolt of Cold by Vehumet.
 26583 | Elf:1    | Entered Level 1 of the Elven Halls
 26605 | Orc:2    | Learned a level 6 spell: Bolt of Cold
 26947 | Elf:1    | Found a frozen archway.
 27103 | IceCv    | Entered an ice cave
 27456 | IceCv    | Noticed an Ice Fiend
 27465 | IceCv    | Killed an Ice Fiend
 27911 | Elf:1    | Killed from afar by a deep elf knight

Vault maps used:
D:1:      ncdulo_halloftheorcs, serial_forest, infiniplex_forest_corner_1,
          infiniplex_forest_zigzag_2, infiniplex_forest_lined_2,
          infiniplex_forest_end_2, infiniplex_forest_clump_double,
          infiniplex_forest_clump_long, infiniplex_forest_straight_3
D:2:      lemuel_upstairs_altar, grunt_dithmenos_smoke
D:3:      first_bread
D:4:      cheibriados_altar_1, tgw_trog
D:5:      nicolae_overflow_hidden_temple, st_stairs_5, minmay_misc_feat_chi
D:6:      minmay_temple_entry_butterflies, serial_bayou_lagoon_a,
          uniq_prince_ribbit1, uniq_pikel, uniq_blork_the_orc
D:7:      grunt_gozag_statues, nicolae_ossuary_entry_ruins
D:8:      vehumet_statue
D:9:      kennysheep_mini_moat, lemuel_doored_altar, uniq_maurice
D:10:     hangedman_screamer, minmay_lair_entry_grove
D:11:     hangedman_pestilent_swarm
D:12:     david_orc_5, enter_bailey_2, kennysheep_nub, kennysheep_generic_room_9
D:13:     lightli_vaults_fourway_checkpoint, serial_shops, nicolae_shop_trees,
          basic_altar
D:14:     eino_curves_02, serial_shops, shop
D:15:     hangedman_depths_entry_civil_slaughter, minmay_crystal_box,
          uniq_roxanne
Temple:   hc_temple_tempest_star
Lair:1:   st_stairs_4, minivault_19, uniq_gastronok
Lair:2:   columned_hall_lemuel, grunt_forest_stairs_basic
Lair:4:   serial_bayou_shore_b, lemuel_fruit_tree, grunt_megastairs_2,
          infiniplex_staircase_pool_2, serial_bayou_shore_b
Lair:5:   lemuel_slime, lab_entry_generic
Lair:6:   minmay_shoals_entry_centaurs, minmay_snake_entry_guardpost_medium,
          serial_forest, infiniplex_forest_end_1, infiniplex_forest_clump_small,
          infiniplex_forest_clump_diagonal, infiniplex_forest_clump_long,
          infiniplex_forest_end_1, infiniplex_forest_lined_4_way,
          infiniplex_forest_zigzag_1, infiniplex_forest_straight_4,
          infiniplex_staircase_pool, uniq_josephine
Lair:7:   slime_altar_1, pond, grunt_megastairs_4
Lair:8:   due_jungle_book, basic_altar, grunt_forest_small_clearings
Orc:1:    elves_outpost_lemuel
Orc:2:    grunt_orc_tribal_feast, serial_shops, nicolae_shop_crystal,
          basic_altar
Elf:1:    minmay_elf_arrival_summoners,
          portal_ice_cave_entry_animals_and_master, hangedman_elf_disciples,
          st_stairs_12, uniq_donald
Lab:      nicolae_lab_do_over, labyrinth_fake_exit, nicolae_lab_checkerboard,
          nicolae_lab_diamond
Ossuary:  ossuary_crypta
Bailey:   bailey_polearm_gnolls_kennysheep, bailey
IceCv:    ice_cave_tombish

Skill      XL: |  1  2  3  4  5  6  7  8  9 10 11 12 13 14 15 16 |
---------------+-------------------------------------------------+-----
Spellcasting   | 4 5 6 7 8 9 11 12 13 14 15 16 17 | 17.3
Conjurations   | 2 3 5 6 8 10 11 12 13 15 16 17 18 | 18.7
Fire Magic     | 4 5 6 8 9 11 12 13 15 16 17 18 | 18.5
Shields        | 1 2 4 5 6 |  6.0
Fighting       | 2 4 5 |  5.5
Dodging        | |  2.4
Stealth        | |  2.4

Action                   |  1- 3 |  4- 6 |  7- 9 | 10-12 | 13-15 | 16-18 || total
-------------------------+-------+-------+-------+-------+-------+-------++-------
Melee: Spear             |     1 |    80 |       |       |       |       ||    81
       Whip              |       |       |    50 |    35 |       |       ||    85
       Trident           |       |       |    54 |    57 |     5 |       ||   116
       Staff             |       |       |       |       |     8 |    11 ||    19
Throw: Tomahawk          |       |     2 |       |       |       |       ||     2
 Cast: Flame Tongue      |    69 |   117 |    70 |   179 |     1 |       ||   436
       Conjure Flame     |     2 |     4 |     6 |    16 |     2 |       ||    30
       Sticky Flame      |       |     1 |    22 |    62 |     7 |       ||    92
       Fireball          |       |       |    24 |   183 |   302 |    16 ||   525
       Bolt of Fire      |       |       |       |       |   210 |   123 ||   333
       Lightning Bolt    |       |       |       |       |    18 |     7 ||    25
       Bolt of Cold      |       |       |       |       |       |     4 ||     4
Evoke: Wand              |       |       |       |     1 |       |     1 ||     2
  Use: Scroll            |       |       |    17 |    10 |    13 |     5 ||    45
       Potion            |       |       |     2 |     4 |     5 |     7 ||    18
 Stab: Sleeping          |     1 |     1 |     1 |       |       |       ||     3
       Distracted        |       |       |     2 |       |       |       ||     2
  Eat: Chunk             |     3 |     6 |    11 |    28 |    55 |     6 ||   109
       Royal jelly       |       |     1 |       |       |       |       ||     1
       Fruit             |       |       |     4 |     3 |     3 |     2 ||    12
       Beef jerky        |       |       |       |     3 |     4 |       ||     7
       Pizza             |       |       |       |       |     2 |       ||     2
Armor: Robe              |     5 |    25 |    41 |    64 |     5 |       ||   140
       Leather armour    |       |       |       |       |    11 |    19 ||    30
Dodge: Dodged            |    16 |    52 |    75 |   115 |    26 |    25 ||   309
Block: Buckler           |       |       |       |     1 |    13 |    12 ||    26
